 Dungeon Crawl Stone Soup version 0.14-a0-840-g06343e3 (webtiles) character file.

403 MackTheKnife the Covert (level 6, -1/39 HPs)
             Began as a Halfling Assassin on Nov 13, 2013.
             Slain by an agate snail (14 damage)
             ... on Level 4 of the Dungeon.
             The game lasted 00:07:29 (3922 turns).

MackTheKnife the Covert (Halfling Assassin)         Turns: 3922, Time: 00:07:29

HP  -1/39        AC  5     Str  8      XL: 6   Next: 79%
MP   5/5         EV 12     Int 11      God:
Gold 76          SH 12     Dex 20      Spells:  0 memorised,  5 levels left

Res.Fire  : . . .   See Invis. : .   a - +2 dagger
Res.Cold  : . . .   Warding    : .   h - +0 leather armour
Life Prot.: + . .   Conserve   : .   s - +2 buckler {rN+}
Res.Poison: +       Res.Corr.  : .   (no helmet)
Res.Elec. : .       Clarity    : .   d - +1 cloak
Sust.Abil.: . .     Spirit.Shd : .   (no gloves)
Res.Mut.  : .       Stasis     : .   (no boots)
Res.Rott. : .       Flight     : .   (no amulet)
Saprovore : . . .                    z - ring of protection from magic
                                     c - ring of poison resistance

@: somewhat resistant to hostile enchantments, very stealthy
A: mutation resistance 1, slow metabolism 1
a: no special abilities


You were on level 4 of the Dungeon.
You were hungry.

You visited 1 branch of the dungeon, and saw 4 of its levels.

You collected 153 gold pieces.
You spent 77 gold pieces at shops.


Innate Abilities, Weirdness & Mutations

You are small and have problems with some larger weapons.
You are somewhat resistant to further mutation.
You have a slow metabolism.


   Skills:
 - Level 1.7 Fighting
 - Level 6.1 Short Blades
 - Level 2.6 Throwing
 + Level 2.6 Dodging
 + Level 8.2 Stealth


You had 5 spell levels left.
You didn't know any spells.

Inventory:

Hand weapons
 a - a +2,+2 dagger (weapon)
 b - a +0 blowgun
Missiles
 e - 28 poisoned needles
 f - 2 curare-tipped needles
Armour
 d - a +1 cloak (worn)
 h - a +0 leather armour (worn)
 s - a +2 buckler of positive energy (worn)
Comestibles
 g - 3 bread rations
 i - a slice of pizza
 k - a banana
 u - 3 meat rations
 B - a choko
Scrolls
 p - a scroll of blinking
 t - a scroll of identify
 w - a scroll of curse weapon {unknown}
 x - a scroll of remove curse {unknown}
 y - a scroll of curse armour {unknown}
Jewellery
 c - a ring of poison resistance (left hand)
 j - an uncursed ring of wizardry
 z - a ring of protection from magic (right hand)
Potions
 l - a potion of restore abilities {unknown}
 m - 2 potions of heal wounds {unknown}
 n - a potion of flight {unknown}
 o - a potion of agility
 q - a potion of paralysis {unknown}
 r - 2 potions of curing
 v - a potion of magic {unknown}
Books
 A - a book of the Warp

   Spells                             Type                      Level
   Recall                             Summoning/Translocation      3
   Control Teleport                   Charms/Translocation         4
   Phase Shift                        Translocation                5
   Warp Weapon                        Charms/Translocation         5
   Dispersal                          Translocation                6
   Controlled Blink                   Translocation                7
   Disjunction                        Translocation                8

▒·▒··········▒·▒
▒▒▒▒▒·▒▒▒····▒▒▒▒▒·▒
▒·····▒▒▒···········
▒···············▒▒▒▒
▒··▒▒▒▒·▒▒······▒···
▒·▒▒· ▒▒·▒······▒·>·
▒·▒·▒ ▒·▒······▒···
▒·▒j▒ ▒·▒······▒▒▒▒
▒▒·▒@▒ ▒·▒··········
▒··▒·▒▒▒▒·▒··········
▒··▒▒····▒▒··········
▒···▒▒▒▒▒▒·····▒▒▒▒▒▒
▒··············▒
▒▒▒▒▒▒▒▒·······▒
▒·······▒ ▒▒▒▒▒▒▒▒▒


You could see an agate snail.


Message History

The agate snail is severely wounded.
Your shield prevents you from hitting the agate snail.
The agate snail is severely wounded.
The agate snail bites you!
* * * LOW HITPOINT WARNING * * *
You hit the agate snail but do no damage.
The agate snail is severely wounded.
You hit the agate snail but do no damage.
The agate snail is severely wounded.
You hit the agate snail but do no damage.
The agate snail is severely wounded.
The agate snail bites you.
* * * LOW HITPOINT WARNING * * *
You hit the agate snail.
The agate snail is severely wounded.
You hit the agate snail but do no damage.
The agate snail is severely wounded.
You barely miss the agate snail.
The agate snail is severely wounded.
You hit the agate snail but do no damage.
The agate snail is severely wounded.
You block the agate snail's attack.
You hit the agate snail.
The agate snail is severely wounded.
Your shield and leather armour prevent you from hitting the agate snail.
The agate snail is severely wounded.
You hit the agate snail but do no damage.
The agate snail is severely wounded.
The agate snail bites you!
You die...

Action                   |  1- 3 |  4- 6 || total
-------------------------+-------+-------++-------
Melee: Dagger            |    69 |   519 ||   588
 Fire: Blowgun           |    11 |    14 ||    25
  Use: Scroll            |     1 |    10 ||    11
 Stab: Sleeping          |     5 |    12 ||    17
       Distracted        |       |     1 ||     1

Vault maps used:
D:1:      dpeg_entry_tiny_d, baited_tele_trap
D:2:      lemuel_round_altar, uniq_iyjb
D:3:      lemuel_crystal_altar, makhleb_altar_promises_db
D:4:      minmay_temple_entry_from_below_a, serial_shops, shop, first_bread,
          chei_snail_safe_becter

Notes
Turn   | Place    | Note
--------------------------------------------------------------
     0 | D:1      | MackTheKnife, the Halfling Assassin, began the quest for the Orb.
     0 | D:1      | Reached XP level 1. HP: 13/13 MP: 0/0
   308 | D:1      | Reached skill level 3 in Short Blades
   365 | D:1      | Reached XP level 2. HP: 18/18 MP: 1/1
   749 | D:1      | Reached XP level 3. HP: 23/23 MP: 2/2
   846 | D:2      | Reached skill level 4 in Short Blades
   853 | D:2      | Reached skill level 6 in Stealth
   991 | D:2      | Reached XP level 4. HP: 13/28 MP: 3/3
  1487 | D:2      | Reached skill level 5 in Short Blades
  1488 | D:2      | Found a deep blue altar of Sif Muna.
  1633 | D:2      | Noticed Ijyb
  1664 | D:2      | Killed Ijyb
  1664 | D:2      | Reached XP level 5. HP: 18/34 MP: 4/4
  2260 | D:3      | Found a blossoming altar of Fedhas.
  2338 | D:3      | Reached skill level 7 in Stealth
  2791 | D:3      | Noticed a phantom
  2981 | D:4      | Found Kuas' Antique Armour Shop.
  2990 | D:4      | Bought a runed buckler for 77 gold pieces
  3116 | D:4      | Reached skill level 6 in Short Blades
  3116 | D:4      | Reached XP level 6. HP: 17/39 MP: 5/5
  3524 | D:4      | Reached skill level 2 in Dodging
  3524 | D:4      | Reached skill level 8 in Stealth
  3555 | D:4      | Found a staircase to the Ecumenical Temple.
  3922 | D:4      | Slain by an agate snail

Vanquished Creatures
  3 hounds (D:4)
  2 worker ants (D:4)
  Ijyb (D:2)
  4 gnolls (D:2)
  5 adders
  A worm (D:2)
  An adder zombie (D:4)
  A giant gecko (D:2)
  10 orcs
  2 bat skeletons (D:4)
  3 giant cockroaches
  7 goblins
  10 hobgoblins
  2 jackals (D:2)
  An ooze (D:2)
  2 quokkas
  7 bats
  2 giant newts
  6 kobolds
  9 rats
79 creatures vanquished.
